 Dungeon Crawl Stone Soup version 0.17.1-2-g5865329 (webtiles) character file.

655 Metrazal the Ducker (level 7, -6/33 HPs)
             Began as a Spriggan Assassin on Feb 7, 2016.
             Was an Initiate of Elyvilon.
             Shot with an arrow by a centaur (11 damage)
             ... on level 5 of the Dungeon.
             The game lasted 00:42:21 (4376 turns).

Metrazal the Ducker (Spriggan Assassin)             Turns: 4376, Time: 00:42:21

Health: -6/33      AC:  3    Str:  7    XL:     7   Next: 29%
Magic:  8/8        EV: 26    Int: 12    God:    Elyvilon [......]
Gold:   234        SH:  0    Dex: 20    Spells: 0 memorised, 6 levels left

rFire  . . .     SeeInvis +     c - +0 hunting sling
rCold  . . .     Clarity  .     A - +0 robe
rNeg   . . .     SustAt   .     (shield restricted)
rPois  .         Gourm    .     (helmet restricted)
rElec  .         Spirit   .     d - +0 cloak
rCorr  .         Warding  .     (gloves unavailable)
rMut   .         Stasis   .     (boots unavailable)
MR     +....                    (no amulet)
Stlth  ++++......               (no ring)
                                q - +2 ring of evasion

@: very quick, somewhat resistant to hostile enchantments, stealthy
A: unfitting armour, see invisible, herbivore 3, speed 3, slow metabolism 2
a: Renounce Religion


You were on level 5 of the Dungeon.
You worshipped Elyvilon.
Elyvilon was noncommittal.
You were not hungry.

You visited 1 branch of the dungeon, and saw 5 of its levels.

You collected 234 gold pieces.

Inventory:

Hand Weapons
 a - a +2 dagger
 b - a +0 blowgun
 c - a +0 hunting sling (weapon)
Missiles
 e - 13 poisoned needles
 f - a curare-tipped needle
 h - 114 stones (quivered)
 o - 17 arrows of frost
 u - 45 arrows
 v - 2 poisoned javelins
Armour
 d - a +0 cloak (worn)
 A - a +0 robe (worn)
Jewellery
 q - a +2 ring of evasion (left hand)
 B - a cursed -2 ring of evasion
Scrolls
 i - 5 scrolls of identify {unknown}
 j - 3 scrolls of random uselessness {unknown}
 k - a scroll of remove curse
 l - 3 scrolls of recharging {unknown}
 p - a scroll of amnesia {unknown}
 w - a scroll of magic mapping {unknown}
 x - a scroll of fear {unknown}
 y - a scroll of enchant weapon {unknown}
 z - a scroll of noise {unknown}
 C - a scroll of immolation {unknown}
 F - a scroll of enchant armour {unknown}
Potions
 m - a potion of curing {unknown}
 n - 2 potions of magic {unknown}
 r - a potion of beneficial mutation {unknown}
 s - a potion of agility {unknown}
 t - a potion of degeneration {unknown}
 D - a potion of haste {unknown}
 E - 2 potions of poison {unknown}
Comestibles
 g - 4 bread rations
 G - a slice of pizza


   Skills:
 - Level 1.5 Fighting
 - Level 2.1 Short Blades
 + Level 7.2(7.4) Slings
 - Level 2.0(4.3) Throwing
 - Level 7.2 Dodging
 - Level 5.8 Stealth


You had 6 spell levels left.
You didn't know any spells.

Dungeon Overview and Level Annotations

Branches:
Dungeon (5/15)
 Temple: D:4-7

Altars:
Ashenzari
Elyvilon
Fedhas
Ru
The Shining One


Innate Abilities, Weirdness & Mutations

You are tiny and cannot use many weapons and most armour.
You have supernaturally acute eyesight.
You are a herbivore.
You cover ground extremely quickly.
You need consume almost no food.


Message History

Aim: a centaur (heavily wounded, poisoned)
You shoot a stone. The stone hits the centaur.
The centaur is heavily wounded.
The centaur completely misses you.
Firing (i - inventory):
h - 115 stones (quivered)
Press: ? - help, Shift-Dir - straight line, f/p - centaur
Aim: a centaur (heavily wounded, poisoned)
You shoot a stone. The stone barely misses the centaur.
The centaur hits you!
* * * LOW HITPOINT WARNING * * *
The shadow imp gestures at you. You resist with significant effort.
Okay, then.
As you read the scroll labeled IKLUHIOTIN, it crumbles to dust.
You feel blessed for a moment.
It was a scroll of remove curse.
The centaur closely misses you. The shadow imp completely misses you.
You open the door. The centaur misses you. The centaur completely misses you.
The shadow imp completely misses you.
The centaur wields an uncursed shortbow.
The centaur shoots an arrow.
The arrow hits you!
You die...

#......†......#.#.# #
####.###..#####.#.# #
#.###(######.#.# #
#.#..(..#....#.# #
#.#.#(#(#.##.#.#######
#.'.._..'.##..........
###5#c#.#.########..##
#.(...#.# #..#
###@###.# #..# #.....#
#..## ####### #....
#..## #.## #. # ...
###


You could see a centaur and a shadow imp.

Vanquished Creatures
  An ogre (D:4)
  A scorpion (D:5)
  A giant frog zombie (D:5)
  3 crimson imps
  A hound (D:5)
  An iguana (D:4)
  A jelly (D:5)
  An orc priest (D:4)
  2 orc wizards (D:4)
  3 worker ants (D:4)
  4 gnolls (D:2)
  A worker ant zombie (D:5)
  3 adders
  An adder skeleton (D:4)
  An adder zombie (D:5)
  A worm (D:2)
  A giant gecko (D:3)
  4 orcs
  A ball python (D:1)
  5 giant cockroaches
  5 hobgoblins
  3 jackals (D:3)
  2 quokkas
  7 bats
  5 giant newts
  8 goblins
  8 kobolds
  7 rats
82 creatures vanquished.

Notes
Turn   | Place    | Note
--------------------------------------------------------------
     0 | D:1      | Metrazal the Spriggan Assassin began the quest for the Orb.
     0 | D:1      | Reached XP level 1. HP: 10/10 MP: 2/2
     3 | D:1      | Noticed a demonspawn
     3 | D:1      | Noticed a centaur
     5 | D:1      | Noticed a tengu
     5 | D:1      | Noticed an ogre
     7 | D:1      | Noticed a draconian
     9 | D:1      | Noticed an octopode
     9 | D:1      | Noticed a demigod
    11 | D:1      | Noticed a naga
    11 | D:1      | Noticed a human
    13 | D:1      | Noticed a minotaur
    15 | D:1      | Noticed a felid
    15 | D:1      | Noticed a troll
    17 | D:1      | Noticed a formicid
    19 | D:1      | Noticed a vampire
    19 | D:1      | Noticed an elf
    21 | D:1      | Noticed a merfolk
    23 | D:1      | Noticed a ghoul
    23 | D:1      | Noticed a dwarf
    25 | D:1      | Noticed a gargoyle
    25 | D:1      | Noticed a vine stalker
    27 | D:1      | Noticed a spriggan
   387 | D:1      | Reached XP level 2. HP: 12/14 MP: 3/3
   911 | D:2      | Reached XP level 3. HP: 18/18 MP: 4/4
   938 | D:2      | Reached skill level 5 in Dodging
  1177 | D:2      | Reached XP level 4. HP: 22/22 MP: 5/5
  1437 | D:2      | Reached skill level 6 in Dodging
  1964 | D:3      | Reached skill level 7 in Dodging
  1964 | D:3      | Reached XP level 5. HP: 10/25 MP: 6/6
  2410 | D:3      | Found a shattered altar of Ashenzari.
  2567 | D:4      | Noticed an ogre
  2587 | D:4      | Killed an ogre
  2627 | D:4      | Reached XP level 6. HP: 30/30 MP: 7/7
  2749 | D:4      | Found a glowing golden altar of the Shining One.
  3068 | D:4      | Found a sacrificial altar of Ru.
  3068 | D:4      | Found a white marble altar of Elyvilon.
  3076 | D:4      | Became a worshipper of Elyvilon the Healer
  3413 | D:4      | Reached skill level 5 in Slings
  3717 | D:5      | Entered Level 5 of the Dungeon
  4093 | D:5      | Reached XP level 7. HP: 33/33 MP: 8/8
  4307 | D:5      | Found a blossoming altar of Fedhas.
  4376 | D:5      | Shot with an arrow by a centaur

Action                   |  1- 3 |  4- 6 |  7- 9 || total
-------------------------+-------+-------+-------++-------
Melee: Dagger            |    22 |   144 |       ||   166
 Fire: Blowgun           |    37 |    44 |     5 ||    86
       Hunting sling     |       |   226 |    36 ||   262
Throw: Stone             |    31 |    90 |       ||   121
  Use: Scroll            |       |       |     1 ||     1
 Stab: Sleeping          |    21 |    22 |     1 ||    44
       Distracted        |     1 |     1 |     1 ||     3
  Eat: Pizza             |       |     1 |       ||     1
